 Dungeon Crawl Stone Soup version 0.23-a0-642-g3120c2f (webtiles) character file.

4 Amnesiac the Ducker (level 1, 0/11 HPs)
             Began as a Spriggan Berserker on Dec 30, 2018.
             Was a Follower of Trog.
             Slain by a goblin (2 damage)
             ... on level 1 of the Dungeon.
             The game lasted 00:00:15 (192 turns).

Amnesiac the Ducker (Spriggan Berserker)             Turns: 192, Time: 00:00:15

Health: 0/11       AC:  2    Str: 13    XL:     1   Next: 50%
Magic:  2/2        EV: 19    Int:  8    God:    Trog [*.....]
Gold:   26         SH:  0    Dex: 15    Spells: 0/0 levels left

rFire    . . .     SeeInvis +   a - +0 falchion
rCold    . . .     Gourm    .   (shield restricted)
rNeg     . . .     Faith    .   b - +0 animal skin
rPois    .         Spirit   .   (helmet restricted)
rElec    .         Reflect  .   (no cloak)
rCorr    .         Harm     .   (gloves unavailable)
MR       .....                  (boots unavailable)
Stlth    +.........             (no amulet)
HPRegen  0.03/turn              (no ring)
MPRegen  0.08/turn              (no ring)

@: very quick
A: very small, unfitting armour, see invisible, herbivore, speed 3, slow
metabolism 2
a: Berserk, Renounce Religion


You were on level 1 of the Dungeon.
You worshipped Trog.
Trog was aware of your devotion.
You were not hungry.

You visited 1 branch of the dungeon, and saw 1 of its levels.

You collected 26 gold pieces.

Inventory:

Hand Weapons
 a - a +0 falchion (weapon)
Armour
 b - a +0 animal skin (worn)
Potions
 d - a potion of ambrosia {!q, unknown}
Comestibles
 c - 3 rations


   Skills:
 + Level 2.4 Fighting
 * Level 2.5 Long Blades
 + Level 4.5 Dodging


You couldn't memorise any spells.
You didn't know any spells.
Your spell library was empty.

Dungeon Overview and Level Annotations

Branches:
Dungeon (1/15)

Altars:


Innate Abilities, Weirdness & Mutations

You are very small and have problems with some larger weapons.
You are too small for most types of armour.
You have supernaturally acute eyesight. (SInv)
You are a herbivore.
You cover ground extremely quickly.
You need to consume almost no food.


Message History

You closely miss the rat. The rat misses you.
You riposte.
You hit the rat.
The rat is heavily wounded.
You hit the rat.
You kill the rat!
Trog accepts your kill.
No target in view!
You see here a dagger.
You open the door.
There is an open door here.
Found a club.
No target in view!
c - 3 rations (gained 1)
Found a dagger.
No target in view!
A giant cockroach comes into view.
Found a stone staircase leading down.
You see here a scroll labeled JISIUGA QIASKU {!r}.
A giant cockroach is nearby!
A giant cockroach is nearby!
Found a leather armour.
You barely miss the giant cockroach. The giant cockroach bites you.
The giant cockroach barely misses you.
You riposte.
You hit the giant cockroach but do no damage.
You hit the giant cockroach.
You kill the giant cockroach!
Trog accepts your kill.
No target in view!
No target in view!
No target in view!
Found 15 stones.
No target in view!
A goblin comes into view.
The goblin shouts!
You see here a ration.
A hobgoblin comes into view. It is wielding a +0 club. x2
There are monsters nearby!
There are monsters nearby!
The hobgoblin shouts!
The hobgoblin is too close now for your liking.
You barely miss the hobgoblin.
The hobgoblin hits you but does no damage.
You barely miss the hobgoblin. The hobgoblin barely misses you.
You hit the hobgoblin.
The hobgoblin is severely wounded.
The hobgoblin barely misses you.
You riposte.
You hit the hobgoblin but do no damage. The goblin closely misses you.
The hobgoblin barely misses you. x2; You riposte.
You closely miss the hobgoblin. You closely miss the hobgoblin.
The hobgoblin is severely wounded.
The goblin hits you. The hobgoblin completely misses you.
The hobgoblin hits you with a +0 club.
* * * LOW HITPOINT WARNING * * *
You closely miss the hobgoblin.
The hobgoblin is severely wounded.
The goblin closely misses you. The hobgoblin closely misses you.
The hobgoblin hits you with a +0 club.
* * * LOW HITPOINT WARNING * * *
You are too injured to fight recklessly!
You are too injured to fight recklessly!
The goblin misses you.
There is a stone staircase leading down here.
The goblin hits you.
You die...

......... ##8
.........+ #..
........# #.. ..
....... ##..
...######..... #8..
.......(.##.# ..
#<..
.........#..#####..#
#8..
.........g........#
##..
#########.gg@.....#
#.. #%.......## #..
########.....)..#
##8
#...............##
##
#................#
#................#
#...........†....#
###
#.....?..##......#
...
..........##.#....#
##


You could see 2 hobgoblins and a goblin.

Vanquished Creatures
  A giant cockroach (D:1)
  A hobgoblin (D:1)
  A kobold (D:1)
  A rat (D:1)
4 creatures vanquished.

Notes
Turn   | Place    | Note
-------+----------+-------------------------------------------
     0 | D:1      | Amnesiac the Spriggan Berserker began the quest for the
                  | Orb.
     0 | D:1      | Reached XP level 1. HP: 11/11 MP: 2/2
   192 | D:1      | Slain by a goblin

Vault maps used:
D:1:      mrwooster_arrival_statue_2, minmay_statues_item

Action                   || total
-------------------------++-------
Melee: Falchion          ||    12
 Stab: Sleeping          ||     1
Armor: Animal skin       ||     1
Dodge: Dodged            ||    13
       Rpst.: Falchion   ||     5

Table legend:
 A = Non-vault XP
 B = Vault XP
 C = Vault XP percentage of total XP
 D = Non-vault monster count
 E = Vault monster count
 F = Vault count percentage of total count
                 A         B        C        D         E       F
            +---------+---------+-------+---------+---------+-------
      Total |       6 |       0 |   0.0 |       4 |       0 |   0.0
            +---------+---------+-------+---------+---------+-------
        D:1 |       6 |       0 |   0.0 |       4 |       0 |   0.0
            +---------+---------+-------+---------+---------+-------
